 Dungeon Crawl Stone Soup version 0.28-a0-46-g7b1be97da7 (webtiles) character file.

Game seed: 4551784340852838440

12979 sanka the Nimble (level 12, -10/75 HPs)
             Began as a Djinni Summoner on July 29, 2021.
             Was a Believer of Makhleb.
             Collided with a rock wall (21 damage)
             ... caused by a wretched star
             ... on level 3 of the Abyss.
             The game lasted 00:22:33 (13799 turns).

sanka the Nimble (Djinni Summoner)                 Turns: 13799, Time: 00:22:34

Health: -10/75     AC:  9    Str:  9      XL:     12   Next: 27%
Gold:   318        EV: 15    Int: 18 (19) God:    Makhleb [**....] SH:  5 Dex: 13

rFire   + . .      SeeInvis .     - Unarmed
rCold   + + +      Faith    .   (shield currently unavailable)
rNeg    . . .      Spirit   .   (armour currently unavailable)
rPois   ∞          Reflect  +   (helmet currently unavailable)
rElec   .          Harm     .   (cloak currently unavailable)
rCorr   +          Rampage  .   (gloves currently unavailable)
Will    +....      Rnd*Rage +   (boots unavailable)
Stlth   ++........              t - amulet "Oboy" {Reflect rF++ SH+5}
HPRegen 0.22/turn               r - +6 ring of strength
MPRegen 0.00/turn               m - ring of resist corrosion

@: ice-form, unable to read, flying, studying Dodging
A: freezing attack, flying, boosted hp, sickness immunity, large, (fire
resistance 2), (cold vulnerability 1), float, innate caster, hp casting, extra
vitality 1, [berserk 2], [clumsy 2], ([deformed body]), [deterioration 2],
[frail 3], [screaming 2], [weak 2], [inability to read while threatened]
a: End Transformation, Renounce Religion, Minor Destruction


You were on level 3 of the Abyss.
You worshipped Makhleb.
Makhleb was pleased with you.
You were a creature of crystalline ice.
You visited 2 branches of the dungeon, and saw 11 of its levels.
You visited the Abyss 1 time.

You collected 628 gold pieces.
You spent 310 gold pieces at shops.


Innate Abilities, Weirdness & Mutations

You are a creature of crystalline ice.
You have a powerful freezing melee attack.
You are flying.
Your maximum health is increased.
Your armour is entirely melded.
You are incapable of wielding weapons or throwing items.
You are immune to sickness and miasma.
You are immune to poison.
((Your flesh is very heat resistant. (rF++)))
((You are vulnerable to cold. (rC-)))
You float through the air rather than walking.
You learn spells naturally, not from books.
Your magical power is your life essence.
You have superior vitality. (+4 HP)
[You often lose your temper in combat.]
[You are very clumsy. (Dex -4)]
[((Armour fits poorly on your strangely shaped body.))]
[Your body often deteriorates upon taking damage.]
[You are extremely frail. (-30% HP)]
[You frequently scream uncontrollably at your foes.]
[You are very weak. (Str -4)]
[You sometimes lose the ability to read scrolls when taking damage.]


   Skills:
 + Level 9.8 Fighting
 + Level 13.4 Dodging
 - Level 1.5 Stealth
 * Level 9.0 Unarmed Combat
 - Level 8.0 Spellcasting


You couldn't memorise any spells.
You knew the following spells:

 Your Spells              Type           Power      Damage    Failure   Level
c - Call Canine Familiar  Summ           36%        N/A       1%          3
i - Tukima's Dance        Hex            36%        N/A       1%          3
u - Static Discharge      Conj/Air       36%        N/A       1%          2
v - Shock                 Conj/Air       100%       1d9       1%          1
x - Call Imp              Summ           36%        N/A       1%          2
y - Summon Small Mammal   Summ           100%       N/A       1%          1
z - Ice Form              Ice/Tmut       36%        N/A       3%          4
C - Irradiate             Conj/Tmut      18%        3d19      10%         5
X - Summon Lightning Spi  Summ/Air       36%        N/A       3%          4
Z - Summon Guardian Gole  Hex/Summ       36%        N/A       1%          3
Your spell library was empty.

Inventory:

Hand Weapons
 a - a +2 vorpal halberd (melded)
Armour
 b - a +0 helmet (melded)
 h - a +0 cloak (melded)
 q - a +2 robe of willpower (melded)
 z - +0 steam dragon scales
Magical Staves
 v - a staff of air
Jewellery
 c - a ring of fire
 d - a ring of positive energy
 m - a ring of resist corrosion (right front paw)
 r - a +6 ring of strength (left front paw)
 t - the amulet "Oboy" (around neck) {Reflect rF++ SH+5}

   [amulet of reflection]

   It reflects blocked missile attacks.
   rF:        It greatly protects you from fire.
   SH:        It affects your SH (+5).
Wands
 u - a wand of paralysis (26)
 x - a wand of acid (8)
 D - a wand of digging (7)
Scrolls
 f - 2 scrolls of silence {!r}
 j - a scroll of blinking
 k - a scroll of fear
 n - a scroll of summoning
 o - a scroll of holy word
 p - 2 scrolls of fog
 w - 2 scrolls of enchant weapon
 y - a scroll of brand weapon
Potions
 e - 5 potions of lignification {!q}
 g - a potion of heal wounds {@q2}
 i - 2 potions of haste {@q3}
 l - 4 potions of curing {@q1}
 A - a potion of might
 B - a potion of attraction {!q}
 C - a potion of flight {unknown}
Miscellaneous
 s - a lightning rod (4/4)

Dungeon Overview and Level Annotations

Branches:
Dungeon (10/15)            Temple (1/1) D:5
   Lair: D:8-11         Orc: D:9-12

Altars:
Ashenzari
Cheibriados
Dithmenos
Elyvilon
Fedhas
Gozag
Hepliaklqana
Kikubaaqudgha
Makhleb
Nemelex Xobeh
Okawaru
Qazlal
Ru
Sif Muna
Trog
Uskayaw
Vehumet
Wu Jian
Xom
Yredelemnul
Zin
The Shining One

Shops:
D:2 [

Annotations:
D:10 1 runed translucent door

. ▒* .
▒ ..
▒▒▒ ▒ ▒
▒ ▒.▒▒
▒ ..
.▒Y▒
▒.▒
▒.*▒▒
▒....
▒....
▒. ▒.
▒▒▒▒
▒▒.....
. ▒ .▒
▒ ▒ ▒ ▒
▒ .. .
..▒.▒.
. ..
..▒ . ▒
▒.. .


You could see a wretched star.


Message History

You punch the wretched star!
The wretched star is moderately damaged.
Unknown command.
You hit the wretched star but do no damage.
The wretched star is moderately damaged.
The wretched star pulses with an eldritch light!
Unknown command.
You punch the wretched star! You freeze the wretched star.
The wretched star is severely damaged.
You barely miss the wretched star.
The wretched star is severely damaged.
Unknown command.
You hit the wretched star but do no damage.
The wretched star is severely damaged.
You barely miss the wretched star.
The wretched star is severely damaged.
Unknown command.
You punch the wretched star! You freeze the wretched star.
The wretched star is almost destroyed.
The wretched star glows turbulently.
The lance of force hits you!!
You feel threatened and lose the ability to read scrolls!
* * * LOW HITPOINT WARNING * * *
Your body deteriorates!
You feel dopey.
You are knocked back by the lance of force.
You slam into the rock wall!
You die...

Action                   |  1- 3 |  4- 6 |  7- 9 | 10-12 || total
-------------------------+-------+-------+-------+-------++-------
Melee: Quarterstaff      |    50 |       |       |       ||    50
       Halberd           |     2 |     4 |     7 |     5 ||    18
       Unarmed           |       |       |    26 |   315 ||   341
 Cast: Shock             |    37 |   120 |   129 |    29 ||   315
       Static Discharge  |       |       |    32 |     5 ||    37
       Call Imp          |       |       |     7 |       ||     7
       Ice Form          |       |       |     3 |    29 ||    32
       Tukima's Dance    |       |       |       |     3 ||     3
       Call Canine Famil |       |       |       |     2 ||     2
       Summon Lightning  |       |       |       |     1 ||     1
  Use: Scroll            |       |       |     7 |     6 ||    13
 Stab: Sleeping          |     4 |       |       |     1 ||     5
Armor: Robe              |    10 |     1 |    23 |     4 ||    38
       Skin              |       |       |     6 |    53 ||    59
Dodge: Dodged            |    49 |    26 |    82 |   169 ||   326
Block: Other             |       |       |     6 |    61 ||    67
       Reflection        |       |       |       |     2 ||     2

Levels and vault maps discovered:
D:1:      minmay_arrival_wavy_path, layout_basic,
          shapermc_ecumenical_altar_notcrosses
D:2:      layout_basic, serial_shops, shop, minivault_25
D:3:      layout_loops_ring, serial_aquarium, aquarium_bridge_straight
          [aquarium_subvault_bridge, aquarium_subvault_wall,
          aquarium_subvault_bridge, aquarium_subvault_window],
          aquarium_window_fake, aquarium_window_fake, aquarium_view_2b,
          aquarium_view_2c, aquarium_pool_corner
D:4:      layout_rooms, nicolae_uskayaw_dance_hall, mainiacjoe_overflow_catwalk
D:5:      layout_loops_ring, mainiacjoe_overflow_tiny_flanked,
          minmay_temple_entry_overgrown, minmay_misc_feat_rugged
D:6:      kb_forest_paths, layout_basic, fedhas_bush_and_centaur_altar,
          uniq_pikel, uniq_grinder
D:7:      layout_basic, mainiacjoe_overflow_boulevard,
          okawaru_ov_weapons_minmay, kennysheep_small_square
D:8:      layout_basic, lemuel_coloured_pillars_altar, minmay_between,
          uniq_psyche, uniq_maggie
D:9:      minmay_chopped_fan, layout_irregular_city
D:10:     cheibrodos_histonic, layout_basic, lemuel_doored_altar
Temple:   nicolae_temple_great_sept
Abyss:3:  base: Temple, base: D:4, evilmike_abyss_exit_10,
          onia_ninara_dug_in_and_dangerous

Notes
Turn   | Place    | Note
-------+----------+-------------------------------------------
     0 | D:1      | sanka the Djinni Summoner began the quest for the Orb.
     0 | D:1      | Reached XP level 1. HP: 15/15 MP: 0/0
   144 | D:1      | Found a faded altar of an unknown god.
   171 | D:1      | Reached XP level 2. HP: 16/21 MP: 0/0
   702 | D:1      | Reached XP level 3. HP: 18/25 MP: 0/0
   702 | D:1      | Learned a level 1 spell: Shock
  1439 | D:2      | Found Ugaod's Armour Shoppe.
  1624 | D:2      | Reached skill level 4 in Spellcasting
  2050 | D:2      | Bought a +0 cloak for 63 gold pieces
  2101 | D:3      | Reached skill level 1 in Fighting
  2118 | D:3      | Reached XP level 4. HP: 30/32 MP: 0/0
  2548 | D:3      | Reached skill level 3 in Dodging
  3154 | D:3      | Reached skill level 2 in Fighting
  3154 | D:3      | Reached XP level 5. HP: 35/38 MP: 0/0
  3154 | D:3      | Learned a level 2 spell: Static Discharge
  3420 | D:4      | Found a stormy altar of Qazlal.
  3764 | D:4      | Reached skill level 4 in Dodging
  3849 | D:4      | Reached skill level 3 in Fighting
  3849 | D:4      | Reached XP level 6. HP: 43/46 MP: 0/0
  3896 | D:4      | Found a hide-covered altar of Uskayaw.
  4110 | D:5      | Entered Level 5 of the Dungeon
  4242 | D:5      | Found a hazy altar of Hepliaklqana.
  4400 | D:5      | Reached XP level 7. HP: 40/50 MP: 0/0
  4400 | D:5      | Learned a level 3 spell: Tukima's Dance
  4697 | D:5      | Reached skill level 5 in Dodging
  4872 | D:5      | Found a staircase to the Ecumenical Temple.
  4884 | D:5      | Reached skill level 4 in Fighting
  5035 | Temple   | Entered the Ecumenical Temple
  5126 | Temple   | Became a worshipper of Makhleb the Destroyer
  5227 | D:2      | Bought a +2 robe of willpower for 247 gold pieces
  5948 | D:6      | Reached XP level 8. HP: 19/58 MP: 0/0
  6159 | D:6      | Found a blossoming altar of Fedhas.
  6203 | D:6      | Reached skill level 5 in Spellcasting
  6283 | D:6      | Noticed Grinder
  6285 | D:6      | Reached skill level 6 in Dodging
  6309 | D:6      | Killed Grinder
  6310 | D:6      | Reached skill level 5 in Fighting
  6867 | D:6      | Noticed a wyvern
  6874 | D:6      | Killed a wyvern
  6875 | D:6      | Reached skill level 6 in Fighting
  6875 | D:6      | Reached skill level 7 in Dodging
  6875 | D:6      | Reached XP level 9. HP: 56/66 MP: 0/0
  6875 | D:6      | Learned a level 4 spell: Ice Form
  6978 | D:6      | Identified the amulet "Oboy" {Reflect rF++ SH+5}
  7503 | D:6      | Noticed Pikel
  7518 | D:6      | Killed Pikel
  7519 | D:6      | Reached skill level 8 in Dodging
  7519 | D:6      | Reached skill level 6 in Spellcasting
  8005 | D:7      | Found an iron altar of Okawaru.
  8128 | D:7      | Reached skill level 9 in Dodging
  8213 | D:7      | Reached skill level 7 in Fighting
  8213 | D:7      | Reached skill level 1 in Unarmed Combat
  8552 | D:7      | Found a bloodstained altar of Trog.
  8588 | D:7      | Reached skill level 2 in Unarmed Combat
  8593 | D:7      | Reached XP level 10. HP: 59/75 MP: 0/0
  9187 | D:8      | Noticed Psyche
  9197 | D:8      | Killed Psyche
  9197 | D:8      | Reached * piety under Makhleb
  9198 | D:8      | Reached skill level 10 in Dodging
  9273 | D:8      | Reached skill level 3 in Unarmed Combat
  9636 | D:8      | Identified +0 steam dragon scales
  9636 | D:8      | Noticed Maggie
  9660 | D:8      | Killed Maggie
  9661 | D:8      | Reached skill level 7 in Spellcasting
  9919 | D:8      | Reached skill level 8 in Fighting
 10230 | D:8      | Reached skill level 4 in Unarmed Combat
 10785 | D:9      | Identified +0 acid dragon scales
 10785 | D:9      | Noticed a wolf spider
 10788 | D:9      | Reached skill level 11 in Dodging
 10790 | D:9      | Killed a wolf spider
 11124 | D:9      | Noticed a two-headed ogre
 11133 | D:9      | Killed a two-headed ogre
 11134 | D:9      | Reached skill level 5 in Unarmed Combat
 11134 | D:9      | Reached XP level 11. HP: 82/82 MP: 0/0
 11134 | D:9      | Learned a level 5 spell: Irradiate
 11548 | D:9      | Reached skill level 6 in Unarmed Combat
 11843 | D:9      | Noticed a centaur warrior
 11851 | D:9      | Killed a centaur warrior
 11851 | D:9      | Noticed a yaktaur captain
 11852 | D:9      | Reached skill level 12 in Dodging
 11857 | D:9      | Killed a yaktaur captain
 11858 | D:9      | Reached skill level 9 in Fighting
 12131 | D:9      | Noticed a flayed ghost
 12136 | D:9      | Killed a flayed ghost
 12137 | D:9      | Reached skill level 7 in Unarmed Combat
 12397 | D:10     | Entered Level 10 of the Dungeon
 12659 | D:10     | Found a runed translucent door.
 12748 | D:10     | Reached ** piety under Makhleb
 12944 | D:10     | Found a shadowy altar of Dithmenos.
 13307 | D:10     | Reached skill level 8 in Spellcasting
 13414 | D:10     | Found a runed translucent door.
 13453 | D:10     | Reached skill level 8 in Unarmed Combat
 13485 | D:10     | Reached XP level 12. HP: 90/90 MP: 0/0
 13497 | D:10     | Reached skill level 13 in Dodging
 13516 | D:10     | Identified the amulet of the Shining Light {Acrobat Fly
                  | rF++ rC+ Will+}
 13577 | D:10     | Identified a +1 robe of resistance
 13580 | D:10     | Cast into level 3 of the Abyss (a wizard)
 13687 | Abyss:3  | Noticed a wretched star
 13727 | Abyss:3  | Killed a wretched star
 13728 | Abyss:3  | Reached skill level 9 in Unarmed Combat
 13741 | Abyss:3  | Noticed a wretched star
 13799 | Abyss:3  | Collided with a rock wall

Vanquished Creatures
  A yaktaur captain (D:9)
  A centaur warrior (D:9)
  A two-headed ogre (D:9)
  A wretched star (Abyss:3)
  A flayed ghost (D:9)
  Pikel (D:6)
  A manticore (D:10)
  A wolf spider (D:9)
  A black mamba (shapeshifter) (D:9)
  A gargoyle (D:10)
  An unseen horror (D:10)
  Maggie (D:8)
  Psyche (D:8)
  3 trolls
  2 hornets (D:10)
  A small abomination (Abyss:3)
  2 shadows (D:9)
  3 wyverns
  A vampire (D:9)
  3 yaks
  A vampire mosquito (D:9)
  4 water moccasins
  2 acid dragons (D:9)
  3 orc warriors
  A necrophage (D:7)
  6 centaurs
  2 ice beasts
  2 ogres
  3 lemures (D:6)
  A phantom (D:7)
  3 bullfrogs (D:6)
  A gnoll sergeant (D:8)
  6 scorpions
  A water moccasin zombie (D:6)
  A wyvern zombie (D:6)
  A wyvern skeleton (D:6)
  A killer bee (D:10)
  11 wights
  2 howler monkeys
  2 hounds
  A bullfrog zombie (D:5)
  4 centaur zombies
  5 orc priests
  2 centaur skeletons
  A bullfrog skeleton (D:6)
  2 iguanas
  6 orc wizards
  A hound zombie (D:5)
  4 gnolls (D:8)
  A howler monkey skeleton (D:4)
  6 adders
  A shadow imp (D:8)
  2 white imps
  An ufetubus (D:5)
  2 worms (D:3)
  2 dart slugs
  22 orcs
  5 bats
  4 endoplasms
  4 giant cockroaches
  7 goblins
  4 hobgoblins
  8 jackals
  4 quokkas
  10 ball pythons
  A frilled lizard (D:2)
  6 kobolds
  7 rats
205 creatures vanquished.

Vanquished Creatures (collateral kills)
  Grinder (D:6)
1 creature vanquished.

Vanquished Creatures (others)
  A plant (D:5)
1 creature vanquished.

Grand Total: 207 creatures vanquished
